 Dungeon Crawl Stone Soup version 0.27.1-1-g398f81649c (webtiles) character file.

Game seed: 15755532416017451599

3395 Kala the Grappler (level 9, -11/89 HPs)
             Began as a Troll Monk on Sept 7, 2021.
             Mangled by an orc knight (24 damage)
             ... in a bailey.
             The game lasted 00:15:04 (6794 turns).

Kala the Grappler (Troll Monk)                      Turns: 6794, Time: 00:15:05

Health: -11/89     AC:  7    Str: 30    XL:     9   Next: 75%
Magic:  8/8        EV: 11    Int:  6    God:
Gold:   425        SH:  0    Dex: 12    Spells: 8/8 levels left

rFire    . . .     SeeInvis .     - Unarmed
rCold    . . .     Faith    .   (no shield)
rNeg     + . .     Spirit   .   a - +0 robe
rPois    .         Reflect  .   (helmet restricted)
rElec    .         Harm     .   r - +2 cloak {rCorr}
rCorr    +         Rampage  .   (gloves unavailable)
Will     .....                  (boots unavailable)
Stlth    ++........             (no amulet)
HPRegen  1.24/turn              j - ring of positive energy
MPRegen  0.11/turn              l - +6 ring of strength

@: no status effects
A: large, unfitting armour, claws 3, regeneration 1, shaggy fur 1, tough skin 1
a: no special abilities


You were in a bailey.
You visited 2 branches of the dungeon, and saw 9 of its levels.
You also visited: Sewer and Bailey.

You collected 425 gold pieces.

Inventory:

Missiles
 h - a throwing net
Armour
 a - a +0 robe (worn)
 r - a +2 cloak of preservation (worn)
Jewellery
 j - a ring of positive energy (left claw)
 l - a +6 ring of strength (right claw)
Wands
 n - a wand of charming (4)
 q - a wand of mindburst (8) (quivered)
 t - a wand of iceblast (3)
Scrolls
 d - a scroll of silence {unknown}
 f - a scroll of blinking {unknown}
 g - 2 scrolls of fear {unknown}
 k - 3 scrolls of fog {unknown}
 m - a scroll of immolation {unknown}
 o - a scroll of teleportation {unknown}
 s - a scroll of holy word {unknown}
 u - 2 scrolls of identify
 w - a scroll of vulnerability {unknown}
 x - a scroll of noise {unknown}
Potions
 b - a potion of haste
 c - 2 potions of brilliance
 e - a potion of flight {unknown}
 i - 2 potions of degeneration
 p - 3 potions of heal wounds
 v - a potion of mutation {unknown}


   Skills:
 + Level 5.9 Fighting
 + Level 5.9 Dodging
 - Level 1.0 Stealth
 * Level 9.6 Unarmed Combat
 + Level 3.7 Evocations


You had 8 spell levels left.
You didn't know any spells.
Your spell library contained the following spells:

 Spells                   Type           Power      Damage    Failure   Level
 Blink                    Tloc           N/A        N/A       58%         2
 Corpse Rot               Necr/Air       N/A        N/A       58%         2
 Dispel Undead            Necr           0%         3d6       99%         4
 Manifold Assault         Tloc           0%         N/A       100%        5
 Death Channel            Necr           0%         N/A       100%        6
 Storm Form               Tmut/Air       0%         N/A       100%        7


Dungeon Overview and Level Annotations

Branches:
Dungeon (8/15)             Temple (1/1) D:5           Sewer (visited)
 Bailey (1/1)
   Lair: D:8-11

Altars:
Ashenzari
Dithmenos
Elyvilon
Fedhas
Gozag
Hepliaklqana
Kikubaaqudgha
Makhleb
Nemelex Xobeh
Okawaru
Qazlal
Ru
Sif Muna
Trog
Uskayaw
Wu Jian
Xom
Zin


Innate Abilities, Weirdness & Mutations

You are too large for most types of armour.
You have claws for hands.
Your natural rate of healing is unusually fast.
You are covered in fur. (AC +1)
You have tough skin. (AC +1)


Message History

The orc knight's mind is blasted!!
The orc knight roars a battlecry!
The orc knights go into a battle-frenzy!
The orc knight roars a battlecry!
The orc knight goes into a battle-frenzy!
Unknown command.
Aiming: Mindburst
Press: ? - help, Q - select action, (/) - cycle Shift-Dir - straight line, f/p - orc knight
Aim: an orc knight, wielding a +0 glaive and wearing a +0 crystal plate armour (almost dead, strong, chance to affect: 63%)
The orc knight resists with significant effort.
Unknown command.
Aiming: Mindburst
Press: ? - help, Q - select action, (/) - cycle Shift-Dir - straight line, f/p - orc knight
Aim: an orc knight, wielding a +0 glaive and wearing a +0 crystal plate armour (almost dead, strong, chance to affect: 63%)
The orc knight's mind is blasted!
You blow up the orc knight!
Unknown command.
Aiming: Mindburst
Press: ? - help, Q - select action, (/) - cycle Shift-Dir - straight line, f - orc knight
Aim: an orc knight, wielding a +0 halberd and wearing a +0 plate armour (black smoke, heavily wounded, strong, chance to affect: 64%)
The orc knight struggles to resist.
Unknown command.
Aiming: Mindburst
Press: ? - help, Q - select action, (/) - cycle Shift-Dir - straight line, f/p - orc knight
Aim: an orc knight, wielding a +0 halberd and wearing a +0 plate armour (black smoke, heavily wounded, strong, chance to affect: 64%)
The orc knight's mind is blasted!!
Unknown command.
Aiming: Mindburst
Press: ? - help, Q - select action, (/) - cycle Shift-Dir - straight line, f/p - orc knight
Aim: an orc knight, wielding a +0 halberd and wearing a +0 plate armour (black smoke, almost dead, strong, chance to affect: 64%)
The orc knight's mind is blasted!
You blow up the orc knight!
The orc knight hits you from afar with a +0 halberd!!
The orc knight no longer looks unusually strong.
The orc knight hits you from afar with a +0 halberd!!
The orc knight hits you from afar with a +0 halberd!
The orc knight hits you from afar with a +0 halberd!!
* * * LOW HITPOINT WARNING * * *
The orc knight hits you from afar with a +0 halberd!!
You die...

#.≈.#########'###+#############)≈
#.≈.## ##.........## ##.≈ #.≈..##
##..≈≈≈§≈≈≈..# ##..≈ #.≈≈..##
##..≈≈.)...≈≈.. ##..≈≈ #∩.≈≈..#
#..≈≈).⌠∩⌠..§≈. #..≈≈.
##.≈≈..#+#..≈§...⌠§.§≈≈. #..≈≈.
#.≈≈..##.##..≈≈o.§..§§. ##..≈≈
#.≈..##...##..≈≈§§≈§§..# ##..≈
#.≈.##.....+#...@.§...# $$.##.≈
#.≈)#############+##### #####.≈
#.≈))........## #####..≈
#.≈≈≈≈≈≈≈≈≈≈..## #######≈≈≈≈≈≈≈
#..........≈≈..## ##...##........
##########..≈≈..###.)≈..##.######
##..≈≈.....≈≈...##...###
##..≈≈≈≈≈≈≈..#######..∩
##.........## ####


You could see an orc knight.

Vanquished Creatures
  2 orc knights (Bailey)
  Menkaure (D:4)
  A sky beast (D:6)
  3 orc warriors (Bailey)
  An ice beast (D:7)
  3 ogres
  A kobold brigand (D:8)
  4 bullfrogs
  2 scorpions
  A water moccasin zombie (D:5)
  3 wights (D:7)
  A howler monkey (D:7)
  A crimson imp (D:7)
  5 hounds
  Crazy Yiuf (D:4)
  2 orc priests (D:5)
  A gnoll shaman (D:6)
  2 centaur skeletons (D:5)
  5 iguanas
  Ijyb (D:4)
  Natasha (twice) (D:4)
  3 orc wizards (D:5)
  3 hound skeletons
  9 adders
  12 gnolls
  2 howler monkey skeletons
  2 shadow imps
  2 white imps
  2 ufetubi
  A worm (D:4)
  2 dart slugs
  21 orcs
  10 bats
  14 endoplasms
  17 giant cockroaches
  6 hobgoblins
  12 quokkas
  18 ball pythons
  15 frilled lizards
  5 goblins
  13 kobolds
  A quokka skeleton (D:4)
  4 rats
217 creatures vanquished.

Vanquished Creatures (others)
  A human (D:6)
  A fungus (D:4)
2 creatures vanquished.

Grand Total: 219 creatures vanquished

Notes
Turn   | Place    | Note
-------+----------+-------------------------------------------
     0 | D:1      | Kala the Troll Monk began the quest for the Orb.
     0 | D:1      | Reached XP level 1. HP: 22/22 MP: 0/0
   377 | D:1      | Reached XP level 2. HP: 29/29 MP: 1/1
   993 | D:2      | Reached XP level 3. HP: 22/36 MP: 2/2
  1023 | D:2      | Found a faded altar of an unknown god.
  1240 | D:2      | Reached skill level 4 in Unarmed Combat
  1351 | D:2      | Reached XP level 4. HP: 44/44 MP: 3/3
  2493 | D:3      | Reached XP level 5. HP: 53/53 MP: 4/4
  2730 | D:4      | Noticed an ogre
  2747 | D:4      | Killed an ogre
  2748 | D:4      | Reached skill level 5 in Unarmed Combat
  2753 | D:4      | Reached XP level 6. HP: 25/61 MP: 5/5
  2786 | D:4      | Noticed Natasha
  2795 | D:4      | Killed Natasha
  2889 | D:4      | Found a runed translucent door.
  2890 | D:4      | Noticed Crazy Yiuf
  3069 | D:4      | Noticed Ijyb
  3078 | D:4      | Killed Ijyb
  3110 | D:4      | Found a glowing drain.
  3127 | Sewer    | Entered a sewer
  3412 | Sewer    | Reached skill level 6 in Unarmed Combat
  3412 | Sewer    | Reached XP level 7. HP: 61/68 MP: 6/6
  3556 | D:4      | Noticed Natasha
  3568 | D:4      | Killed Natasha
  3712 | D:4      | Noticed Menkaure
  3718 | D:4      | Killed Menkaure
  4057 | D:4      | Killed Crazy Yiuf
  4058 | D:4      | Reached skill level 1 in Evocations
  4096 | D:5      | Entered Level 5 of the Dungeon
  4199 | D:5      | Reached skill level 7 in Unarmed Combat
  4233 | D:5      | Reached XP level 8. HP: 79/79 MP: 7/7
  4606 | D:5      | Found a staircase to the Ecumenical Temple.
  4612 | Temple   | Entered the Ecumenical Temple
  5169 | D:6      | Reached skill level 8 in Unarmed Combat
  5320 | D:6      | Reached skill level 5 in Dodging
  5370 | D:6      | Reached skill level 5 in Fighting
  5749 | D:6      | Found an ancient bone altar of Kikubaaqudgha.
  5911 | D:7      | Reached XP level 9. HP: 42/87 MP: 8/8
  5968 | D:7      | Found a burning altar of Makhleb.
  6541 | D:8      | Found a flagged portal.
  6558 | Bailey   | Entered a bailey
  6769 | Bailey   | Noticed an orc knight
  6769 | Bailey   | Noticed an orc knight
  6770 | Bailey   | Noticed an orc knight
  6776 | Bailey   | Reached skill level 9 in Unarmed Combat
  6780 | Bailey   | Killed an orc knight
  6783 | Bailey   | Killed an orc knight
  6794 | Bailey   | Mangled by an orc knight

Illustrated notes

Levels and vault maps discovered:
D:1:      roderic_chinese_lattice_arrival, layout_loops_corners
D:2:      layout_basic, ebering_ecumenical_altar_hall,
          chequers_serial_rivers_micro_e, kennysheep_boxes
D:3:      layout_loops_ring, roderic_batcave
D:4:      layout_basic, cheibrodos_sewer_entry_bend, uniq_menkaure,
          uniq_natasha, uniq_crazy_yiuf_cottage, uniq_ijyb
D:5:      layout_loops_corners, minmay_temple_entry_butterflies
D:6:      layout_gridville, tgw_kikubaaqudgha, dk_noncrumbling_4
D:7:      layout_layer_cave, makhleb_grotto_becter
D:8:      layout_rooms, nicolae_tso_swordbearing_angel, enter_bailey_5,
          kennysheep_cross_room, minmay_mini_ossuary
Temple:   nicolae_temple_x_marks_the_god
Bailey:   bailey_polearm_1, bailey

Skill      XL: |  1  2  3  4  5  6  7  8  9 |
---------------+----------------------------+-----
Unarmed Combat | 4 5 6 7 8 9 |  9.6
Fighting       | 3 4 5 |  5.9
Dodging        | 3 4 5 |  5.9
Evocations     | 1 2 3 |  3.7
Stealth        | |  1.0

Action                   |  1- 3 |  4- 6 |  7- 9 || total
-------------------------+-------+-------+-------++-------
Melee: Unarmed           |    53 |   245 |   181 ||   479
       Punch             |     1 |     9 |     7 ||    17
Evoke: Wand              |       |       |    25 ||    25
  Use: Scroll            |       |       |     7 ||     7
 Stab: Sleeping          |     7 |     2 |     3 ||    12
       Distracted        |     2 |       |       ||     2
Armor: Robe              |    12 |    89 |    61 ||   162
Dodge: Dodged            |    22 |   135 |   108 ||   265
